Unix NetHack Version 3.7.0-53 Work-in-progress - last build Apr 4 2022 15:05:14 (0945cd16e85ecfe9c80600c62adfe552c28f66b8,branch:master). Game began 2022-04-10 09:07:03, ended 2022-04-10 11:10:47. elenmirie, neutral female human Tourist -- -.-- ----...| |.[)GG.-- -- |[@afG.....G..............- ---a|..^..................| .| ..................-- .. ...------ .....-- -. .-- .| | -- Elenmirie the Sightseer St:10 Dx:15 Co:14 In:15 Wi:10 Ch:15 Neutral Dlvl:5 $:853 HP:0(36) Pw:22(22) AC:8 Xp:5/277 T:3154 Latest messages: The killer bee stings! The killer bee stings! The killer bee just misses! In what direction? u The dart misses the killer bee. Coco misses the killer bee. The killer bee just misses! The killer bee stings! The killer bee stings! Coco misses the killer bee. You climb up the stairs. You stop searching. You hit the grid bug. You kill the grid bug! You hear someone counting gold coins. You hear the footsteps of a guard on patrol. You hear the footsteps of a guard on patrol. You hear someone counting gold coins. You are in full health. You descend the stairs. Coco bites the killer bee. The killer bee stings Coco. The killer bee stings! The killer bee stings! The killer bee stings! The killer bee stings! In what direction? u You kill the killer bee! Coco bites the killer bee. The killer bee stings! The killer bee stings! The killer bee stings! In what direction? n The dart misses the killer bee. Coco misses the killer bee. The killer bee stings! The killer bee stings! Coco misses the killer bee. In what direction? n The dart misses the killer bee. Coco misses the killer bee. The killer bee stings! The killer bee's sting was poisoned! You hear the howling of the CwnAnnwn... You die... Do you want your possessions identified? [ynq] (y) y Do you want to see your attributes? [ynq] (y) y Do you want an account of creatures vanquished? [ynaq] (y) y Do you want to see your conduct and achievements? [ynq] (y) y Do you want to see the dungeon overview? [ynq] (y) y Major events: Turn 1: elenmirie the neutral female human Tourist entered the dungeon 1056: attained the rank of Sightseer (level 3) 1526: entered the Gnomish Mines 3154: killed by a killer bee Inventory: Coins $ - 853 gold pieces Weapons a - 2 uncursed +2 darts (at the ready) G - an uncursed +0 dagger (weapon in hand) t - an uncursed +0 orcish dagger Armor x - an uncursed +0 pair of gauntlets of dexterity (being worn) D - a blessed +0 cloak of displacement (being worn) l - an uncursed +0 Hawaiian shirt with a palm tree motif (being worn) Comestibles f - an uncursed candy bar labeled "Wonka Bar" c - 3 uncursed food rations I - an uncursed fortune cookie Scrolls F - 2 uncursed scrolls of blank paper v - an uncursed scroll of identify E - an uncursed scroll of light k - a blessed scroll of magic mapping j - 3 uncursed scrolls of magic mapping A - 2 uncursed scrolls of magic mapping u - a cursed scroll of magic mapping w - an uncursed scroll of stinking cloud Potions o - an uncursed potion of enlightenment p - 2 uncursed potions of healing q - an uncursed potion of invisibility d - a potion of holy water Rings r - a cursed ring of teleportation Tools n - an uncursed credit card m - an uncursed expensive camera (0:89) e - an uncursed skeleton key H - an uncursed tallow candle Elenmirie the Tourist's attributes: Background: You were a Sightseer, a level 5 female human Tourist. You were neutral, on a mission for The Lady who was opposed by Blind Io (lawful) and Offler (chaotic). You were in the Gnomish Mines, on level 5. You entered the dungeon 3154 turns ago. You had 277 experience points, 43 more were needed to attain level 6. Basics: You had 0 out of 36 hit points. You had all 22 energy points (spell power). Your armor class was 8. Your wallet contained 853 zorkmids. Autopickup was on for '$' plus thrown. Final Characteristics: Your strength was 10 (limit:18/100). Your dexterity was 15 (limit:18). Your constitution was 14 (limit:18). Your intelligence was 15 (limit:18). Your wisdom was 10 (limit:18). Your charisma was 15 (limit:18). Final Status: You were not hungry. You were unencumbered. You were wielding a dagger. You had basic skill with dagger. Final Attributes: You were piously aligned. You were telepathic. You were displaced. You were warded. You are dead. Miscellaneous: You never encountered a bones level. Total elapsed playing time was 54 minutes and 50 seconds. Vanquished creatures: a rock mole 3 shriekers a gnome leader an elf zombie a paper golem 2 floating eyes 2 dwarves a centipede an orc zombie a wererat 3 killer bees 3 gas spores a hobbit 2 gnomes 2 garter snakes a gnome zombie a gecko 9 jackals 2 kobolds 2 goblins a sewer rat 6 grid bugs 2 lichens 2 newts 51 creatures vanquished. No species were genocided or became extinct. Voluntary challenges: You read items or engraved 3 times. You never engraved Elbereth. You never genocided any monsters. You never polymorphed an object. You never changed form. You used no wishes. Achievements: You attained the rank of Sightseer. You entered a shop. You entered the Gnomish Mines. The Dungeons of Doom: levels 1 to 5 Level 1: A sink. Level 2: Some fountains. Level 3: A grave. Level 4: A general store. Stairs down to The Gnomish Mines. Level 5: A fountain, a sink. The Gnomish Mines: Level 5: <- You were here. Final resting place for you, killed by a killer bee. Game over: ---------- / \ / REST \ / IN \ / PEACE \ / \ | elenmirie | | 853 Au | | killed by a | | killer bee | | | | | | 2022 | *| * * * | * _________)/\\_//(\/(/\)/\//\/|_)_______ Aloha elenmirie the Tourist... You died in The Gnomish Mines on dungeon level 5 with 1668 points, and 853 pieces of gold, after 3154 moves. You were level 5 with a maximum of 36 hit points when you died.